[Event "Queens Festival Final-A 2022"]
[Site "Tornelo"]
[Date "2022.06.25"]
[Round "1.1"]
[White "Okuyaz, Duru"]
[Black "Ismayil, Malak"]
[Result "0-1"]
[ECO "C80"]
[WhiteElo "2090"]
[BlackElo "2001"]
[Annotator "NA RC"]
[PlyCount "70"]
[EventDate "2022.06.24"]
[EventType "tourn"]
[EventCountry "NET"]
[SourceTitle "playchess.com"]
[Source "ChessBase"]
[SourceQuality "1"]
[TimeControl "180+2"]

1. e4 e5 2. Nf3 Nc6 3. Bb5 a6 4. Ba4 Nf6 5. O-O Nxe4 6. Re1 Nc5 7. Nxe5 Nxe5 8. Rxe5+ Be7 9. Bb3 Nxb3 10. axb3 O-O 11. d4 Bf6 12. Re1 d5 13. Bf4 Bf5 14. Be5 Re8 15. Nd2 c5 16. c3 cxd4 17. cxd4 Qb6 18. Nf3 Be4 19. Bxf6 Qxf6 20. Ne5 Qg5 21. f3 Bf5 22. Kh1 f6 23. Nd3 Qh4 24. Rxe8+ Rxe8 25. Nc5 Qf2 26. Qg1 Qxb2 27. Nxb7 Re2 28. Nc5 Rxg2 29. Qxg2 Qxa1+ 30. Qg1 Qa2 31. Qe1 h6 32. Nb7 Qxb3 33. Nd6 Qxf3+ 34. Kg1 Bh3 35. Qd2 Qf1# 0-1

[Event "Queens Festival Final-A 2022"]
[Site "Tornelo"]
[Date "2022.06.25"]
[Round "1.2"]
[White "Cori T., Deysi"]
[Black "Castrillon Gomez, Melissa"]
[Result "1-0"]
[ECO "A49"]
[WhiteElo "2367"]
[BlackElo "2198"]
[Annotator "TA"]
[PlyCount "71"]
[EventDate "2022.06.24"]
[EventType "tourn"]
[EventCountry "NET"]
[SourceTitle "playchess.com"]
[Source "ChessBase"]
[SourceQuality "1"]
[TimeControl "180+2"]

1. d4 Nf6 2. Nf3 g6 3. g3 Bg7 4. Bg2 O-O 5. O-O d6 6. Nbd2 c5 7. c3 cxd4 {[%emt 0:00:04] was the old line (7...Nc6). A49: 1 d4 Nf6 2 Nf3 g6 3 g3: Anti-King's Indian systems.} 8. cxd4 Nc6 9. Nc4 {[%emt 0:00:11] [#]} Bd7 $146 {[%emt 0:00:07] The position is equal.} ({Predecessor:} 9... b5 10. Na3 Rb8 11. d5 Nb4 12. Nd4 Bb7 13. e4 a5 14. Naxb5 Ba6 15. a4 Qd7 {1-0 (56) Cori Tello,D (2389)-Arakhamia Grant,K (2350) Riadh 2017}) 10. b3 Rc8 11. Bb2 Na5 12. Ne3 b6 13. d5 {[%emt 0:00:07] [#]} (13. Qd3 $11) 13... Nb7 $2 (13... Nxd5 $1 $17 14. Qxd5 Bxb2) 14. b4 a5 15. a3 Rc7 $2 (15... Nxd5 $1 $11 16. Qxd5 Bxb2) 16. Nd4 $1 $18 Qa8 17. Qb3 Rfc8 18. h4 (18. Nc6 $18) 18... Nd8 {[%emt 0:00:10] [#]} 19. Rfd1 {[%emt 0:00:14] White is more active.} ({White should try} 19. b5 $1) 19... Ng4 20. Bf3 (20. Nxg4 $16 Bxg4 21. Qe3) 20... Ne5 $11 21. b5 {[%emt 0:00:12] Nc6 is the strong threat.} Nxf3+ (21... a4 $11 22. Qa2 Nxf3+ 23. exf3 Bxd4 24. Bxd4 Bxb5) 22. exf3 $16 {[%emt 0:00:02] Black must now prevent Nc6.} Nb7 $2 (22... a4 $16 {was necessary.} 23. Qd3 Nb7) 23. Nc6 $1 $18 Be8 $2 (23... Bxc6 {was worth a try.} 24. dxc6 (24. bxc6 Nc5 $16) 24... Nc5) 24. Bxg7 Kxg7 25. Qc3+ f6 26. Qd4 {[%emt 0:00:02] Threatens to win with Nc4.} ({Don't take} 26. Nc4 Bxc6 27. bxc6 Qa7 $18) 26... Nc5 27. Qf4 e5 $2 (27... h5 {might work better.} 28. g4 Bf7 29. gxh5 Rh8) 28. dxe6 $1 Bxc6 29. bxc6 Rxc6 (29... Nxe6 30. Qg4 (30. Qxd6 Qxc6 31. Qxc6 Rxc6 $16) 30... Re8) 30. Ng4 Rf8 31. e7 Rf7 32. Rxd6 Rxd6 33. Qxd6 Qe8 34. Re1 {[%emt 0:00:03] White wants to mate with Qd8.} h5 35. Ne3 (35. Qd8 $142 Qxd8 36. exd8=Q Nb7 {[#]} 37. Qxb6 $1 hxg4 38. fxg4 Rd7 39. g5 fxg5 40. Qc6) 35... Qxe7 {[%emt 0:00:07] [#]} 36. Nf5+ $1 {[%emt 0:00:02][%mdl 512] Weighted Error Value: White=0.68/Black=0.83} 1-0

[Event "Queens Festival Final-A 2022"]
[Site "Tornelo"]
[Date "2022.06.25"]
[Round "1.3"]
[White "Song, Yuxin"]
[Black "Alboredo, Julia"]
[Result "1-0"]
[ECO "B31"]
[WhiteElo "2317"]
[BlackElo "2252"]
[Annotator "TA"]
[PlyCount "71"]
[EventDate "2022.06.24"]
[EventType "tourn"]
[EventCountry "NET"]
[SourceTitle "playchess.com"]
[Source "ChessBase"]
[SourceQuality "1"]
[TimeControl "180+2"]

1. e4 c5 2. Nf3 Nc6 3. Bb5 Nf6 4. e5 Nd5 5. O-O g6 6. Re1 Bg7 7. Nc3 Nc7 8. Bxc6 dxc6 9. Ne4 Ne6 10. d3 O-O 11. Be3 b6 12. Qd2 Nd4 13. Nxd4 cxd4 14. Bh6 Qd5 {[%emt 0:00:06] B31: Sicilian: 2...Nc6 3 Bb5 g6.} 15. Ng3 c5 16. Re4 {[%emt 0:00:11] [#]} Bb7 $146 {[%emt 0:00:02] [#] The position is equal.} ({Predecessor:} 16... Re8 17. Bxg7 Kxg7 18. Rh4 Qxe5 19. Qh6+ Kg8 20. Qxh7+ Kf8 21. Qh8+ {1-0 (21) Ter Sahakyan,S (2563)-Villegas,P (2309) Chess.com INT 2017}) 17. Nf5 $1 Bxh6 (17... gxf5 $2 18. Qg5 $1) 18. Nxh6+ Kg7 19. f3 Rae8 $2 (19... Qe6 $11 20. Re2 Rac8) 20. Rae1 $2 (20. Ng4 $1 $18 {White wants to mate with Qh6+.} Kh8 21. Qh6) 20... Qe6 $11 21. Rh4 Rh8 22. Qg5 (22. Ng4 h5 23. Nf2 Qxa2 $17) 22... f6 23. Qg3 f5 24. Qg5 b5 ({Black should play} 24... Rhf8 $14) 25. Rf4 {[%emt 0:00:04][%cal Rh6f5] Strongly threatening Nxf5+. White is more active.} Rhf8 26. b3 (26. h4 $14) 26... Rd8 {[%emt 0:00:02] [#]} (26... Bd5 $1 $11) 27. Rh4 (27. Rxf5 $1 $16 Rxf5 (27... c4 28. Rxf8) 28. Nxf5+ Kh8 29. Ng3 (29. Qxe7 Qxe7 30. Nxe7 Kg7 $17) (29. Nxe7 Rf8 $14)) 27... Rh8 $2 (27... a5 $11) 28. Rh5 $2 ({Weaker is} 28. Nxf5+ Qxf5 29. Qxe7+ Qf7 30. Rxh7+ (30. Qg5 $2 Rhe8 $17) 30... Rxh7 $11) (28. g4 $18 f4 29. Nf5+ (29. Qxf4 Rhf8 $17) 29... Kg8 30. Nxe7+ (30. Qxe7 $2 Qxe7 31. Nxe7+ Kf7 $17) 30... Kf7 31. Nf5 $1 ) 28... c4 $2 {[%emt 0:00:04][%mdl 8192] [#]} (28... Kf8 $11 {and Black has nothing to worry.} 29. Rh3 Ke8) 29. Nxf5+ $1 $18 Qxf5 (29... Kg8 $142 30. Nxe7+ (30. Qxe7 Qxe7 31. Nxe7+ Kg7 $11) 30... Kf7) (29... Kf7 30. Qf4) 30. Qh6+ Kg8 31. Rxf5 gxf5 32. Qg5+ (32. e6 $142 Rc8 33. Qh5 Kg7 34. Qf7+ Kh6 35. Qxe7 Rhg8 36. Qxb7 cxd3 37. cxd3) 32... Kf7 33. e6+ Kf8 34. Qh6+ Kg8 35. Qh5 (35. Kf2 $142 Be4 36. fxe4 a5 37. exf5 Rd5 38. Re4 Rxf5+ 39. Kg3 Rg5+ 40. Qxg5+ Kf8 41. Rxd4 Ke8 42. Qh5+ Kf8 43. Qf7#) 35... Rf8 36. Qg5# {[%emt 0:00:02] Weighted Error Value: White=0.58/Black=1.57} 1-0

[Event "Queens Festival Final-A 2022"]
[Site "Tornelo"]
[Date "2022.06.25"]
[Round "1.4"]
[White "Gueci, Tea"]
[Black "Yuan, Ye"]
[Result "1-0"]
[ECO "E60"]
[WhiteElo "2248"]
[BlackElo "2108"]
[Annotator "TA"]
[PlyCount "83"]
[EventDate "2022.06.24"]
[EventType "tourn"]
[EventCountry "NET"]
[SourceTitle "playchess.com"]
[Source "ChessBase"]
[SourceQuality "1"]
[TimeControl "180+2"]

1. Nf3 Nf6 2. b3 g6 3. Bb2 Bg7 4. e3 O-O 5. c4 d6 6. Nc3 c5 7. d4 Nc6 8. Be2 Bf5 9. O-O Ne4 10. Nxe4 Bxe4 {[%emt 0:00:03] [#] E60: King's Indian: Unusual lines and Fianchetto Variation without Nc3.} 11. a3 $146 ({Predecessor:} 11. Qd2 e5 12. dxc5 dxc5 13. Rfd1 a5 14. Bc3 a4 15. bxa4 Rxa4 16. Qxd8 Rxd8 17. Rxd8+ Nxd8 18. Nd2 {½-½ (45) Demuth,A (2521)-Adly,A (2597) Brisbane 2017}) 11... a6 12. Rc1 Na5 {[%emt 0:00:05] The position is equal.} 13. Bc3 Rb8 14. b4 cxb4 15. axb4 Nc6 16. Qb3 d5 17. Nd2 dxc4 18. Bxc4 Bf5 19. e4 ({Better is} 19. d5 $16 Ne5 20. Be2) 19... Nxd4 $15 20. Bxd4 Qxd4 21. exf5 {[%emt 0:00:08] Black must now prevent Nf3.} Qxd2 22. fxg6 hxg6 23. Rfd1 Qg5 24. Bd5 b5 25. Rc7 e6 {[%emt 0:00:05] [#]} (25... Be5 $17 26. Rd7 Rbc8) 26. Bf3 (26. Bxe6 $1 $14 {is the one way to stay ahead.} Qf6 27. Bd5) 26... Qe5 $17 27. Rcd7 Rbc8 28. Qa3 Qc3 29. Qxa6 Qxb4 30. Qb7 Qa4 (30... Qc5 $17 {...b4 is the strong threat.} 31. R1d3 b4) 31. Rxf7 $1 $11 Bd4 {[%emt 0:00:05] [#]} (31... Rxf7 $11 {keeps the balance.} 32. Qxc8+ Kh7) 32. Rd7 $1 $40 {[%emt 0:00:15][%mdl 128] White is out for blood.} Rxf3 $2 {[%emt 0:00:05][%mdl 8192] Black cannot hold the game after this.} 33. Qxc8+ (33. Qxf3 $142 {White threatens Qf7+ and mate.} Rf8 34. R1xd4 Qa1+ 35. Rd1 Rxf3 36. Rxa1) 33... Rf8 $18 34. Qc1 ({Don't take} 34. Rc1 Bxf2+ 35. Kh1 Qf4 $18) 34... Bxf2+ 35. Kh1 {[%emt 0:00:01] Intending Qh6 and mate.} Be3 {[%emt 0:00:02] Inhibits Qh6.} (35... Qf4 $18 36. Qb2 Qf6 37. Qxb5 Be3) 36. Qc6 $2 (36. Qxe3 {mates} Qc4 37. Kg1 Qa2 38. Rd8 e5 39. Rxf8+ Kxf8 40. Rd8+ Ke7 41. Qg5+ Kf7 42. Rd7+ Ke6 43. Re7+ Kd5 44. Qxe5+ Kc4 45. Rc7+ Kd3 46. Rc3+ Kd2 47. Qe3+ Kd1 48. Rc1#) 36... Qg4 37. h3 Qf5 (37... Qc4 $142 38. Qxc4 bxc4) 38. Rd8 ({Weaker is} 38. Qc3 Bh6 39. Rb7 Rf7 40. Rb8+ Rf8 $18) (38. Re1 $142 Bc5 39. Qxb5) 38... Bh6 {[%emt 0:00:10] White is clearly better.} 39. Rxf8+ Bxf8 40. Rd8 Qf1+ 41. Kh2 Qf4+ 42. Kg1 {[%emt 0:00:02] Weighted Error Value: White=0.68/Black=0.65} 1-0

[Event "Queens Festival Final-A 2022"]
[Site "Tornelo"]
[Date "2022.06.25"]
[Round "2.1"]
[White "Alboredo, Julia"]
[Black "Gueci, Tea"]
[Result "1/2-1/2"]
[ECO "B90"]
[WhiteElo "2252"]
[BlackElo "2248"]
[Annotator "TA"]
[PlyCount "95"]
[EventDate "2022.06.24"]
[EventType "tourn"]
[EventCountry "NET"]
[SourceTitle "playchess.com"]
[Source "ChessBase"]
[SourceQuality "1"]
[TimeControl "180+2"]

1. e4 c5 2. Nf3 d6 3. d4 cxd4 4. Nxd4 Nf6 5. Nc3 a6 6. a3 e5 {[%emt 0:00:03] B90: Sicilian Najdorf: Unusual White 6th moves, 6 Be3 Ng4 and 6 Be3 e5.} 7. Nf5 $1 {[%emt 0:00:01] 7.Nf5 is better than 7.Nf3.} d5 8. Bg5 d4 9. Bxf6 gxf6 10. Nb1 (10. Bc4 $2 Bxf5 11. exf5 dxc3 $19) 10... Bxf5 11. exf5 Qd5 12. Qd3 Nc6 13. Nd2 {[%emt 0:00:06] [#] Prevents e4.} Be7 $146 ({Predecessor:} 13... O-O-O 14. Be2 Kb8 15. Bf3 Qb5 16. Qxb5 axb5 17. Ne4 Be7 18. O-O Rc8 19. c3 Rhd8 {0-1 (59) Leszko,B (2321)-Ioannidis,E (2411) Tornelo INT 2020}) 14. Ne4 Rd8 15. Be2 Rg8 (15... Qa5+ $14 {is more appropriate.} 16. Kf1 Qb6) 16. Bf3 {[%emt 0:00:03][%cal Oe4f6] Hoping for Nxf6+!} Qd7 17. O-O Kf8 18. Ng3 b5 (18... Kg7 $142) 19. Be4 Na5 (19... Na7 $16) 20. b3 ({White should try} 20. Qd2 $18 Nc4 21. Qh6+ Ke8 22. Qxh7) 20... Nb7 21. a4 ({White should play} 21. Qd2 $16) 21... Nc5 $11 22. Qf3 {[%emt 0:00:02] Black must now prevent Bc6.} bxa4 23. bxa4 (23. Bc6 {is interesting.} e4 24. Bxe4 axb3 25. cxb3 d3 26. Rad1) 23... Rc8 (23... Nxe4 $11 24. Qxe4 Rc8) 24. Rfb1 (24. Bd3 $5) 24... Nxe4 (24... Nxa4 $2 25. Rb7 Qe8 26. Qh5 $18) 25. Qxe4 Qc6 26. Qxc6 (26. Rb8 {is more complex.} Kg7 27. Nh5+ Kh8 28. Qxc6 Rxc6 29. Rb7) 26... Rxc6 27. Rb8+ Kg7 28. Nh5+ Kh8 $1 29. Rab1 (29. Rb7 $14 Re8 30. Rab1) 29... h6 30. Rxg8+ (30. R8b7 $5 Re8 31. Rd7 $11) 30... Kxg8 $14 {[%emt 0:00:00][%mdl 4096] Endgame KRB-KRN} 31. Rb8+ Kh7 32. Rb7 $2 {[%emt 0:00:04][%mdl 8192] [#]} (32. h3 $11) 32... Rxc2 $1 33. g4 (33. h3 Ba3) 33... d3 34. Kg2 $2 (34. Rxe7 $11 {and White is okay.} d2 35. Rxf7+ (35. Nxf6+ $2 Kg7 $19) 35... Kg8 36. Rd7 (36. Rg7+ $2 Kf8 $19) 36... Rc1+ 37. Kg2) 34... d2 $19 35. Rd7 Bb4 $2 (35... e4 $19 {[%cal Oe4e3] ...e3! is the strong threat.} 36. Kf1 Rc1+ 37. Ke2 Bb4 38. Rxd2 (38. Nxf6+ $2 Kg7 $19) 38... Bxd2 39. Kxd2 Ra1) 36. Nxf6+ $15 Kg7 37. Ne4 Rc1 38. Nxd2 {[%emt 0:00:15] And now Ne4 would win.} Rd1 39. f6+ Kg6 {[%emt 0:00:01] [#]} (39... Kg8 $11 40. Rb7 (40. Rd8+ $2 Kh7 $19) 40... Bxd2) 40. Rb7 $2 Bxd2 $19 {[%emt 0:00:02] KRB-KR} 41. Rd7 e4 {[%emt 0:00:02] Strongly threatening ...a5.} ({Weaker is} 41... Kxf6 42. Kf3) 42. Rd6 (42. a5 {was the only chance.}) 42... a5 $2 (42... Kg5 $19 43. Rd7 Kxf6) 43. h4 $11 {[%emt 0:00:01] The position is equal.} h5 44. g5 Kf5 45. Rd7 Kg6 46. Rd6 Kf5 47. Rd7 Kg6 48. Rd6 {[%emt 0:00:06] What a fight!  Weighted Error Value: White=0.62/Black=0.65} 1/2-1/2

[Event "Queens Festival Final-A 2022"]
[Site "Tornelo"]
[Date "2022.06.25"]
[Round "2.2"]
[White "Castrillon Gomez, Melissa"]
[Black "Song, Yuxin"]
[Result "0-1"]
[ECO "E04"]
[WhiteElo "2198"]
[BlackElo "2317"]
[Annotator "TA"]
[PlyCount "56"]
[EventDate "2022.06.24"]
[EventType "tourn"]
[EventCountry "NET"]
[SourceTitle "playchess.com"]
[Source "ChessBase"]
[SourceQuality "1"]
[TimeControl "180+2"]

1. d4 Nf6 2. c4 e6 3. g3 d5 4. Bg2 Bb4+ 5. Nd2 O-O 6. Ngf3 dxc4 7. O-O b5 {[%emt 0:00:03] E04: Open Catalan: 5 Nf3.} 8. a4 c6 9. Ne5 (9. axb5 $11 {feels stronger.} cxb5 10. Ne1) 9... Nd5 $1 $15 {[%emt 0:00:04] Black is slightly better.} ({Don't play} 9... Qxd4 10. Nxc6 Nxc6 11. Bxc6 $14) 10. Ne4 f6 11. Nf3 Nd7 12. Bd2 Be7 ({Black should try} 12... Bxd2 $15 13. Nfxd2 a5) 13. axb5 $11 cxb5 {[%emt 0:00:02] Threatening ...a5.} 14. Ba5 Qe8 {[%emt 0:00:05] [#]} 15. Nc3 $146 ({Predecessor:} 15. b3 Bb7 16. bxc4 bxc4 17. Nfd2 Rc8 18. Rc1 N7b6 19. Qc2 Qb5 20. Bxb6 Nxb6 21. Nc3 {0-1 (40) Gogolev,A (2306)-Barp,A (2375) Chess.com INT 2020}) 15... Nxc3 16. bxc3 Bb7 17. Qc2 (17. Qb1 $1 $11 {keeps the balance.}) 17... Qg6 $2 {[%emt 0:00:04] [#]} (17... f5 $17 {stays on course.}) 18. Qb2 $1 $16 {[%emt 0:00:11][%mdl 1024] White has strong compensation.} Qh5 {[%emt 0:00:05] [#]} 19. Rfe1 $2 (19. g4 $1 $16 Qe8 20. Qxb5) 19... a6 $36 {[%emt 0:00:18][%mdl 2048] Black is in control. Black is more active.} 20. e4 f5 21. Ne5 $2 {[%emt 0:00:02] Loses the game.} (21. Nd2 $17 {might work better.}) 21... Nxe5 $19 22. dxe5 Bxe4 23. Bxe4 fxe4 24. Rxe4 Bc5 25. Rf1 Rf5 {[%emt 0:00:02] Threatens to win with ...Raf8.} 26. Bc7 $2 (26. Qe2) 26... Raf8 27. Re2 (27. Qe2 $19 Qe8 28. Re3) 27... Qh3 28. Bd6 {[%emt 0:00:06] [#]} Rh5 $1 {[%emt 0:00:03] Weighted Error Value: White=0.76/Black=0.26 (precise)} 0-1

[Event "Queens Festival Final-A 2022"]
[Site "Tornelo"]
[Date "2022.06.25"]
[Round "2.3"]
[White "Ismayil, Malak"]
[Black "Cori T., Deysi"]
[Result "0-1"]
[ECO "C03"]
[WhiteElo "2001"]
[BlackElo "2367"]
[Annotator "TA"]
[PlyCount "168"]
[EventDate "2022.06.24"]
[EventType "tourn"]
[EventCountry "NET"]
[SourceTitle "playchess.com"]
[Source "ChessBase"]
[SourceQuality "1"]
[TimeControl "180+2"]

1. e4 e6 2. d4 d5 3. Nd2 a6 4. c3 c5 5. exd5 Qxd5 6. dxc5 {[%emt 0:00:05] C03: French Tarrasch: Unusual Black 3rd moves.} Bxc5 7. Ngf3 Nf6 8. Bc4 {[%emt 0:00:02] [#] The position is equal.} Qh5 $146 ({Predecessor:} 8... Qd6 9. O-O Ba7 10. Qe2 Bd7 11. Rd1 Qc7 12. Ne5 Bxf2+ 13. Kh1 Bc5 14. Ndf3 O-O {0-1 (30) Heinechen,J (2017)-Diaz,F (2070) Asuncion 2018}) 9. O-O O-O 10. Qe2 Nc6 11. Ne4 Nxe4 12. Qxe4 Rd8 13. Bf4 Qg6 14. Qe2 b5 15. Bb3 Bb7 16. Bc2 Qh5 (16... Qg4 $5 17. Qe4 Qg6 $11) 17. Rad1 (17. Be4 $14 {is more appropriate.}) 17... Ne7 $11 18. Be4 Bxe4 19. Qxe4 {[%emt 0:00:02] b4 is the strong threat.} Nd5 20. Bg5 Re8 21. h3 h6 22. Bh4 f5 23. Qe5 {[%emt 0:00:02] Threatens to win with Rxd5.} ({But not} 23. Rxd5 $2 Qf7 $1 24. Qd3 exd5 $19) 23... Qf7 24. Rd3 Bb6 25. Rfd1 Bc7 26. Qe1 Qh5 (26... f4 $15) 27. Bg3 (27. Rd4 $11 {remains equal.}) 27... f4 $36 {[%emt 0:00:04][%mdl 2048] Black is in control.} 28. Bh2 {[%emt 0:00:02] [#]} Qf5 {[%emt 0:00:08] Prevents Qe4.} (28... Nf6 $1 $17) 29. Nd4 Qg6 30. b3 e5 31. Nc2 (31. Nxb5 $15 axb5 32. Rxd5) 31... Nf6 $19 32. f3 $2 (32. Kh1 {was necessary.}) 32... e4 33. fxe4 Nxe4 34. Qf1 Rf8 (34... Rac8 $142 35. Qf3 Bb6+ 36. Kf1 Ng3+ 37. Bxg3 fxg3) 35. Nd4 Rae8 {[%emt 0:00:02] 0x0.00166e552e1cdp-1022s more active pieces.} 36. Nf3 $2 (36. Kh1 $17 {is more resistant.}) 36... Bb6+ 37. Nd4 Qf6 38. Kh1 Nxc3 39. Rxc3 $17 Bxd4 40. Rf3 Be5 ({Black should try} 40... Re4 $17 41. Bg1 Bxg1 42. Kxg1 Rfe8) 41. Bg1 Qg6 42. Bc5 Rf6 43. b4 Rfe6 44. Qd3 Kh7 45. Qxg6+ Rxg6 46. Re1 Rge6 47. Rd3 Bb8 48. Rxe6 Rxe6 {[%emt 0:00:01][%mdl 4096] Endgame KRB-KRB} 49. Kg1 Re2 (49... g5 $142 50. Rd8 Be5) 50. a3 (50. Ra3 $142) 50... Be5 51. Kf1 {[%emt 0:00:01] [#]} Ra2 52. Bf2 $2 (52. Bd4 $17 Bxd4 53. Rxd4) 52... Kg6 $19 53. Rd5 Kf6 54. Bd4 Bxd4 55. Rxd4 {[%emt 0:00:01] KR-KR} Ke5 {[%emt 0:00:01] Inhibits Rd6.} ({Weaker is} 55... Rxa3 56. Rxf4+ Ke5 57. Rg4 $17) 56. Rd3 g5 57. Kg1 $2 (57. g3) 57... h5 58. Rc3 g4 59. hxg4 hxg4 60. Kh2 Ke4 (60... f3 $142 61. Kg1 Rxg2+ 62. Kf1 Ra2 63. Re3+ Kf4 64. Re6 g3 65. Rf6+ Ke4 66. Re6+ Kf5 67. Re8 g2+ 68. Kg1 Ra1+ 69. Kf2 g1=Q+ 70. Kxf3 Rxa3+ 71. Ke2 Qg2+ 72. Ke1 Ra1#) 61. Rc6 Rxa3 (61... f3 $142 62. Kg1 Rxg2+ 63. Kf1 Ra2 64. Rg6 Kf4 65. Rf6+ Kg3 66. Re6 Ra1+ 67. Re1 Rxe1+ 68. Kxe1 Kf4 69. a4 g3 70. Kf1 Ke3 71. Ke1 f2+ 72. Kd1 f1=Q+ 73. Kc2 bxa4 74. b5 Qxb5 75. Kc1 Kd3 76. Kd1 Qb1#) 62. Re6+ Kf5 63. Rc6 Ra1 64. Rc5+ Ke4 65. g3 Ra2+ (65... f3 $142 66. Re5+ Kd3 67. Rd5+ Ke2 68. Rd2+ Ke1) 66. Kg1 fxg3 67. Rc6 Kd3 {[%emt 0:00:03] ( -> ...a5)} 68. Rg6 Kc3 {[%emt 0:00:02] Black mates.} 69. Rxg4 g2 70. Kh2 Kb3 71. Kg1 Rc2 72. Kh2 Rc4 73. Rg6 Kxb4 74. Rxa6 Rc2 75. Kg1 Kb3 76. Rb6 b4 77. Rg6 Ka3 78. Ra6+ Kb2 79. Rb6 b3 80. Rb8 Ka2 81. Ra8+ Kb1 82. Rd8 b2 83. Rd1+ Rc1 84. Kxg2 Rxd1 {[%emt 0:00:01] Weighted Error Value: White=0.67/Black=0.33} 0-1

[Event "Queens Festival Final-A 2022"]
[Site "Tornelo"]
[Date "2022.06.25"]
[Round "2.4"]
[White "Balabayeva, Xeniya"]
[Black "Okuyaz, Duru"]
[Result "1-0"]
[ECO "C10"]
[WhiteElo "2177"]
[BlackElo "2090"]
[Annotator "RC"]
[PlyCount "127"]
[EventDate "2022.06.24"]
[EventType "tourn"]
[EventCountry "NET"]
[SourceTitle "playchess.com"]
[Source "ChessBase"]
[SourceQuality "1"]
[TimeControl "180+2"]

1. e4 e6 2. d4 d5 3. Nd2 dxe4 4. Nxe4 Nd7 5. Nf3 Ngf6 6. Nxf6+ Nxf6 7. g3 Be7 8. Bg2 O-O 9. O-O c5 10. c3 cxd4 11. Nxd4 e5 12. Nb3 Qc7 13. Be3 Bg4 14. Qc2 Rac8 15. Rfe1 Bh5 16. Bg5 Rfd8 17. h3 h6 18. Bxf6 Bxf6 19. Nd2 Bg6 20. Be4 Bg5 21. Nf3 Bxe4 22. Qxe4 Bf6 23. Rad1 Qb6 24. Rxd8+ Rxd8 25. Re2 Rd1+ 26. Kg2 Qa5 27. a3 Qd8 28. Nxe5 Bxe5 29. Qxe5 Qd3 30. Qe8+ Kh7 31. Qe4+ Qxe4+ 32. Rxe4 Rd2 33. Rb4 b6 34. Kf3 Kg6 35. Ke3 Rd1 36. Rd4 Rb1 37. Rd2 Kf6 38. Kd4 Ke6 39. Kc4 a6 40. a4 Ra1 41. b3 Ra3 42. Re2+ Kd7 43. Re4 Ra1 44. Rg4 g6 45. Rh4 h5 46. Rf4 Ke7 47. Kd5 Rb1 48. b4 Ra1 49. Kc6 Rxa4 50. Kxb6 Ra3 51. c4 g5 52. Re4+ Kd7 53. c5 Rc3 54. Rd4+ Kc8 55. Kxa6 f5 56. Kb6 f4 57. gxf4 g4 58. hxg4 h4 59. f5 h3 60. Rd1 h2 61. Rh1 Rh3 62. g5 Rh5 63. g6 Rxf5 64. Rxh2 1-0

[Event "Queens Festival Final-A 2022"]
[Site "Tornelo"]
[Date "2022.06.25"]
[Round "3.1"]
[White "Cori T., Deysi"]
[Black "Balabayeva, Xeniya"]
[Result "0-1"]
[ECO "D46"]
[WhiteElo "2367"]
[BlackElo "2177"]
[Annotator "TA"]
[PlyCount "132"]
[EventDate "2022.06.24"]
[EventType "tourn"]
[EventCountry "NET"]
[SourceTitle "playchess.com"]
[Source "ChessBase"]
[SourceQuality "1"]
[TimeControl "180+2"]

1. d4 d5 2. Nf3 e6 3. c4 Nf6 4. e3 h6 5. Nbd2 c6 6. Bd3 Bd6 7. O-O O-O 8. e4 dxe4 9. Nxe4 Nxe4 10. Bxe4 Nd7 11. Bc2 Nf6 12. Be3 {[%emt 0:00:03] D46: Semi-Slav: 5 e3 Nbd7 6 Bd3, Black avoids the Meran.} (12. Ne5 {seems wilder.} c5 13. Qd3 cxd4 14. Bf4) 12... b6 {[%emt 0:00:03][%cal Bb7b6,Bb6b5][%mdl 32] [#]} 13. c5 $146 ({Predecessor:} 13. Qd3 Bb7 14. Rad1 Qc7 15. Qd2 Ng4 16. h3 Nxe3 17. Qxe3 c5 18. d5 exd5 19. cxd5 Rae8 {0-1 (57) Krivoshey,S (2501)-Miljkovic,M (2390) Playchess.com INT 2004}) 13... Bc7 14. Nd2 (14. Re1 $11) 14... Qd5 15. Bb3 Qf5 16. Qf3 $132 {[%emt 0:00:03][%mdl 2048] White is not keeping still} Qxf3 17. Nxf3 b5 18. a4 a5 19. Ne5 Bxe5 (19... Ba6 {is more complex.} 20. Nxc6 bxa4 21. Bxa4 Bxf1 22. Kxf1 Nd5) 20. dxe5 Nd5 21. Bxd5 (21. axb5 $16 {Black must now prevent b6.} Nxe3 22. fxe3 cxb5 23. Rfc1) 21... exd5 $11 22. axb5 cxb5 23. c6 Bf5 24. Rfc1 Bd3 25. Rc5 Bc4 (25... a4 $14) 26. b3 (26. c7 $16) 26... Bxb3 27. Rxb5 a4 28. c7 Rfc8 29. h4 Bc4 30. Rc5 a3 31. Bd4 (31. Rc6 $1 $11) 31... a2 $15 32. h5 (32. Rc6 $15) 32... Kf8 (32... Ra6 $17 33. f4 Re6) 33. Re1 $2 {[%emt 0:00:10] [#]} (33. Rc6 $15) 33... Ke7 ({Black should try} 33... Ra7 $19 34. f4 Rcxc7) 34. f4 $17 Kd7 35. e6+ fxe6 36. Be5 Ra7 37. Rd1 $2 {[%emt 0:00:02] [#]} (37. Kf2 $17 {was called for.}) 37... Ke7 $2 (37... Rcxc7 $19 38. Rxc7+ Rxc7) 38. Re1 (38. Ra1 $15) 38... Rb7 39. f5 $2 (39. Kf2 $17) 39... Rb1 $19 ({Wrong is} 39... exf5 $2 40. Rc6) 40. Kf2 Rxe1 {[%emt 0:00:03] Dancing on a razor blade.} 41. Kxe1 exf5 {[%emt 0:00:01] Strongly threatening ...Ke6.} 42. Bxg7 $2 {[%emt 0:00:02][%mdl 4096] Endgame KRB-KRB} (42. Kd2) 42... Kd7 43. Be5 Re8 (43... Ke6 $142 44. Bb2 Kd6) 44. Kd2 $2 (44. c8=Q+ Rxc8 45. Rxc8 Kxc8 46. Bg7) 44... Kc8 45. Bc3 Re2+ 46. Kc1 Rxg2 (46... Bb3 $142 47. Ba1 Rxg2 48. Rc3 Rg1+ 49. Kb2 Rb1+ 50. Ka3 Bc4 51. Bb2 f4 52. Rf3 a1=Q+ 53. Bxa1 Rxa1+ 54. Kb4 Rf1 55. Ra3 Kxc7 56. Kc5 Kd7 57. Ra7+ Ke6 58. Rg7 f3 59. Kd4 f2 60. Rg6+ Kf5 61. Kc5 Rg1 62. Rb6 f1=Q 63. Rb7 Qa1 64. Rc7 Qa5+ 65. Kd6 Qb6+ 66. Rc6 Qb4+ 67. Rc5 Rg7 68. Kc6 Qb7+ 69. Kd6 Rd7#) 47. Be5 Rg1+ (47... Re2 $142 48. Bd4 f4) 48. Kd2 a1=Q 49. Bxa1 Rxa1 {[%emt 0:00:00] KRB-KR} 50. Rc6 Ra6 {[%emt 0:00:02] Black mates.} 51. Rc5 Rf6 52. Ke3 f4+ 53. Kf3 Rf7 54. Rc6 Bd3 55. Rxh6 Be4+ 56. Kf2 Kxc7 57. Rh8 Rg7 58. h6 Rg2+ 59. Kf1 Rh2 60. Rf8 Rxh6 61. Rxf4 Kd6 62. Rf8 Ke5 63. Ke2 Rh2+ 64. Ke1 Kd4 65. Ra8 Ke3 66. Kf1 Rh1# {[%emt 0:00:02] Weighted Error Value: White=0.97/Black=0.62} 0-1